[Event "*** Titled Tuesday Blitz"]
[Site "Chess.com"]
[Date "2020.04.14"]
[Round "7"]
[White "Sharafiev_Azat"]
[Black "avocadosheena"]
[Result "1-0"]
[WhiteElo "2505"]
[BlackElo "2142"]
[TimeControl "180+1"]
[EndTime "11:15:26 PDT"]
[Termination "Sharafiev_Azat won on time"]

1. Nf3 Nf6 2. g3 d5 3. Bg2 c5 4.
O-O e6 5. c4 Be7 6. cxd5 exd5 7. d4 Nc6 8. dxc5 Bxc5 9. a3 a5 10. Nbd2 O-O 11. Nb3 Be7 12. Nbd4 Nxd4 13. Qxd4 Be6 14.
Bd2 Ne4 15. Bf4 Bc5 16. Qa4 Qb6 17. e3 Bg4 18. Ne5 Bf5 19. Nd3 Be7 20. Rfd1 g5 21. Be5 Bf6 22. Bxf6 Qxf6 23. f3 Nd6 24. Qd4 Qxd4 25. exd4 Nc4 26. Kf2 Bxd3 27. Rxd3 Rfe8 28. b3 Nd6 29. Rc1 Rac8 30. Rdc3 Rxc3 31. Rxc3 Nb5 32.
Rc5 Nxd4 33. Rxd5 Nxb3 34. Rxg5+ Kf8 35. Rb5 Nd4 36. Rxb7 Re2+ 37. Kf1 Ra2 38. Rd7 Ne6 39. Rd3 Nc5 40. Rc3 Na4 41. Re3 Nb2 42. Rc3 Na4 43.
Rc8+ Kg7 44. Ra8 Rxa3 45. Rxa5 Ra2 46. f4 Nc3 47. Rxa2 Nxa2 48. Ke2 Nc3+ 49. Kd3 Nb5 50. h4 Nd6 51. Bh3 Kf6 52. g4 Kg6 53. Kd4 h5 54. g5 f6 55. Kd5 Ne8 56. f5+ Kf7 57. Bf1 Ng7 58. Ke4 Ke7 59. Bc4 fxg5 60. hxg5 Ne8 61.
Ke5 Nc7 62. f6+ Kf8 63. g6 Ne8 64. Kf5 Nd6+ 65. Ke6 Nxc4 66. g7+ Kg8 67. f7+ Kxg7 68. Ke7 1-0

[Event "*** Titled Tuesday Blitz"]
[Site "Chess.com"]
[Date "2020.04.14"]
[Round "7"]
[White "exoticprincess"]
[Black "praveenb2002"]
[Result "1-0"]
[WhiteElo "2856"]
[BlackElo "2689"]
[TimeControl "180+1"]
[EndTime "11:15:29 PDT"]
[Termination "exoticprincess won on time"]

1. d4 Nf6 2. c4 e6 3. Nc3 Bb4 4. e3 O-O 5. Bd3 d5 6. cxd5 exd5 7. Ne2 c6 8. Bd2 Bg4 9. Rc1 Bd6 10. f3 Bh5 11.
O-O Bg6 12. Be1 Nbd7 13. Kh1 Re8 14. Bf2 Qe7 15. h3 Rac8 16. Bg1 Bb8 17. Qd2 Nb6 18. b3 Nh5 19. e4 dxe4 20. fxe4 Rcd8 21. e5 Bxd3 22. Qxd3 Qxe5 23. Qxh7+ Kxh7 24. dxe5 Kg8 25. g4 Rxe5 26. gxh5 Rxh5 27. Rf3 Rd2 28. Rd1 Rxd1 29. Nxd1 Nd5 30. Ndc3 Nf6 31. Rd3 Kh7 32. Kg2 Rg5+ 33. Kf1 Rf5+ 34. Ke1 a6 35. Bd4 Nh5 36. Re3 Bd6 37.
Ne4 Bb4+ 38. Bc3 Be7 39. Rd3 Bh4+ 40. Kd1 Rf1+ 41. Kc2 Rh1 42. Rd7 Kg6 43. Rxb7 Rxh3 44. Rb6 Re3 45. Rxc6+ f6 46. Nxf6 Bxf6 47. Kd2 Re8 48.
Rxa6 Kg5 49. Bxf6+ gxf6 50. Nd4 Ng3 51. Nf3+ Kg4 52. Nd4 Ne4+ 53. Kc2 Rc8+ 54. Kb2 f5 55. Rg6+ Kf4 56. a4 Ke5 57. Nc6+ Kf4 58. a5 Ke3 59. Ne7 Rf8 60. Nd5+ Kd4 61. Nf4 Ke3 62. Nd5+ Kd4 63. Nc7 Rc8 64. Rc6 Rh8 65. a6 f4 66. a7 f3 67. Rh6 Rc8 68. Rh3 f2 69. Rf3 Rd8 70. Ne6+ Ke5 71. Nxd8 1-0

[Event "*** Titled Tuesday Blitz"]
[Site "Chess.com"]
[Date "2020.04.14"]
[Round "7"]
[White "Anton_Demchenko"]
[Black "Evgeny81"]
[Result "0-1"]
[WhiteElo "2919"]
[BlackElo "2741"]
[TimeControl "180+1"]
[EndTime "11:15:29 PDT"]
[Termination "Evgeny81 won by resignation"]

1. e4 c6 2. Nf3 d5 3. d3 dxe4 4. dxe4 Qxd1+ 5. Kxd1 f6 6. Nfd2 e5 7. a4 Be6 8. Bc4 Kf7 9. Bxe6+ Kxe6 10. Nb3 Nd7 11.
Be3 h5 12. N1d2 Nh6 13. f3 Nf7 14. Ke2 Nd6 15. Rhd1 g6 16. Bf2 f5 17. Na5 Be7 18.
b4 Rhc8 19. Rab1 b6 20. Nac4 Nxc4 21. Nxc4 b5 22. exf5+ gxf5 23. Na5 bxa4 24. c3 Nb6 25. Be1 Nd5 26. c4 Nf4+ 27. Kf1 Rab8 28. g3 Ng6 29. c5 h4 30. Ra1 hxg3 31. hxg3 e4 32. f4 Rh8 33. Nxc6 Rh1+ 34. Ke2 Rbh8 35. Bf2 Rxd1 36.
Rxd1 Rh2 37. Ra1 Kd5 38. Nxe7+ Nxe7 39. Rxa4 Nc6 40. Kf1 Kc4 41. Kg1 Rh8 42. Be1 Kb5 43. Ra1 Rd8 44. Kf1 Rd7 45. Ra2 Nxb4 46. Bxb4 Kxb4 47.
c6 Rc7 48. Rc2 Kb5 49. Ke2 Rxc6 50. Rb2+ Kc4 51. Ke3 a5 52. g4 fxg4 53. Kxe4 a4 54. f5 Kc3 55. Rg2 a3 56. Rg3+ Kb2 57. Rxg4 Rc4+ 58. Kf3 Rxg4 59. Kxg4 a2 60. f6 a1=Q 61. Kf5 Qa3 62. Ke6 Qf8 63. Kf5 Kc3 64. Kg6 Kc4 0-1

[Event "*** Titled Tuesday Blitz"]
[Site "Chess.com"]
[Date "2020.04.14"]
[Round "7"]
[White "Msb2"]
[Black "tornikesanikidze"]
[Result "1-0"]
[WhiteElo "2886"]
[BlackElo "2365"]
[TimeControl "180+1"]
[EndTime "11:15:29 PDT"]
[Termination "Msb2 won on time"]

1. d4 d5 2. Nf3 Nf6 3. Bf4 e6 4. e3 c5 5. c3 Nc6 6. Nbd2 cxd4 7. exd4 Nh5 8. Bg5 f6 9. Be3 Bd6 10. g3 O-O 11. Bg2 f5 12. Ne5 Nf6 13. Nd3 Ng4 14.
Bf4 e5 15. dxe5 Ncxe5 16. Nxe5 Bxe5 17. Bxe5 Nxe5 18. Nb3 Qf6 19. Qd4 f4 20. Bxd5+ Kh8 21. O-O-O Bg4 22. Rde1 Nf3 23. Qxf6 Rxf6 24. Re7 Rd8 25.
h3 fxg3 26. fxg3 Bc8 27. Rf1 Ne5 28. Rxf6 gxf6 29. Be4 Ng6 30. Bxg6 hxg6 31. h4 Bg4 32. Nd4 Rd7 33. Rxd7 Bxd7 34. Kd2 Kg7 35. Ke3 Kf8 36. Ke4 Ke7 37. Kd5 Bh3 38. a4 Bg2+ 39. Kc5 Kd7 40.
a5 Kc7 41. Nb5+ Kd7 42. Nxa7 Ke6 43. Nc8 Kf5 44. Nd6+ Kg4 45. Kb6 Kxg3 46. Nxb7 Bf1 47. b3 f5 48. c4 f4 49. a6 f3 50. a7 f2 51. a8=Q Bg2 52. Qb8+ Kh3 53. Qc8+ Kxh4 54.
Qd8+ Kh3 55. Qd7+ Kg3 56. Qd6+ Kh3 57. Qe6+ Kh2 58. Qe5+ Kh1 59. Qh8+ Kg1 60. Qd4 Bf3 61. Nc5 Kg2 62. Qd2 Kg1 63. Qg5+ Kh2 64. Qf4+ Kg2 65. Qd2 Kg1 66. Qg5+ Kh2 67. Qh6+ 1-0

[Event "*** Titled Tuesday Blitz"]
[Site "Chess.com"]
[Date "2020.04.14"]
[Round "7"]
[White "varacalli"]
[Black "stefan_95"]
[Result "1-0"]
[WhiteElo "2393"]
[BlackElo "2534"]
[TimeControl "180+1"]
[EndTime "11:15:29 PDT"]
[Termination "varacalli won on time"]

1. e4 c5 2. Nf3 d6 3. d4 cxd4 4. Nxd4 Nf6 5. Nc3 g6 6. Bc4 Bg7 7. h3 O-O 8. Bb3 Nc6 9. Be3 Bd7 10. O-O Rc8 11. Re1 Ne5 12. Qe2 a6 13. Rad1 b5 14. Bc1 Nc4 15. Nd5 a5 16. c3 a4 17. Bxc4 Rxc4 18.
a3 Nxd5 19. exd5 Re8 20. Bg5 Bf8 21. Qd2 Qa8 22. Nc2 Rc5 23. Nb4 e6 24. dxe6 Bxe6 25. Bh6 Be7 26. Be3 Rh5 27. Bd4 Bxh3 28. f3 Be6 29. Re2 Bg5 30. f4 Bh4 31. Rf1 Bc4 32. Nd3 Bg3 33. Rf3 Bh2+ 34. Kf1 Rxe2 35. Qxe2 Qc8 36.
Re3 Bxd3 37. Qxd3 Bxf4 38. Re4 Be5 39. Bxe5 Rxe5 40. Rxe5 dxe5 41. Qxb5 Qf5+ 42. Ke1 Qf4 43. c4 Qe3+ 44. Kf1 Qd3+ 45. Ke1 e4 46. Qe8+ Kg7 47.
Qe5+ f6 48. Qe7+ Kh6 49. Qxf6 Qe3+ 50. Kd1 Qd3+ 51. Ke1 Qe3+ 52. Kd1 Qg1+ 53. Ke2 Qxg2+ 54. Ke3 Qg1+ 55. Kxe4 Qe1+ 56. Kd5 Qd2+ 57. Qd4 Qg2+ 58. Kd6 Qc2 59. c5 g5 60. c6 Qg6+ 61. Kd5 g4 62.
Qf4+ Kh5 63. Qh2+ Kg5 64. Qe5+ Kh4 65. c7 Qg8+ 66. Qe6 g3 67. Qxg8 1-0

[Event "*** Titled Tuesday Blitz"]
[Site "Chess.com"]
[Date "2020.04.14"]
[Round "7"]
[White "nfds"]
[Black "SlavenPastar"]
[Result "0-1"]
[WhiteElo "2566"]
[BlackElo "2425"]
[TimeControl "180+1"]
[EndTime "11:15:30 PDT"]
[Termination "SlavenPastar won by resignation"]

1. d4 b6 2. Nf3 Bb7 3. c4 f5 4. Nc3 Nf6 5. Bf4 e6 6. e3 Be7 7. Bd3 O-O 8. O-O a5 9. d5 Na6 10. Bc2 Nc5 11. Nb5 Rc8 12. Nxc7 Nh5 13. Nb5 Nxf4 14. exf4 Ne4 15. Bb3 Bf6 16. Qe2 Kh8 17.
Rad1 Qe7 18. Nd2 Nc5 19. Nb1 Ba6 20. N1c3 Rfd8 21. Rfe1 Qf7 22. Na4 Nxa4 23. Bxa4 Bxb5 24. Bxb5 exd5 25. cxd5 d6 26. Bc6 Rc7 27. Qe6 Qxe6 28.
Rxe6 Kg8 29. b3 Kf8 30. Rde1 Re7 31. g3 Rxe6 32. Rxe6 Bd4 33. Kg2 Bc5 34. h3 Rc8 35. g4 fxg4 36. hxg4 Rc7 37. Kf3 Re7 38. Ke4 Rxe6+ 39.
dxe6 Bxf2 40. f5 Bh4 41. Kd5 Ke7 42. Bb5 h6 43. Be2 Bf2 44. Kc6 Bc5 45. Bf3 Be3 46.
Kd5 Bf2 47. Be4 Bg1 48. Bf3 Bc5 49. Bg2 Kf6 50. Bf3 g6 51. Kc6 gxf5 52. Kd7 d5 53. gxf5 d4 54. Be4 h5 55. Kc6 h4 56. Kd5 h3 57.
Kc4 h2 58. Kd3 Ke5 59. Bh1 Kxf5 60. e7 Bxe7 61. Kxd4 Bc5+ 62. Kd5 Kg4 63. Ke4 Kg3 64. Kd5 Kf2 65. Kc4 Kg1 66. Be4 h1=Q 67. Bxh1 Kxh1 68. Kb5 Kg2 0-1

[Event "*** Titled Tuesday Blitz"]
[Site "Chess.com"]
[Date "2020.04.14"]
[Round "7"]
[White "Zajdanek"]
[Black "Hangar-18"]
[Result "0-1"]
[WhiteElo "2350"]
[BlackElo "2243"]
[TimeControl "180+1"]
[EndTime "11:15:30 PDT"]
[Termination "Hangar-18 won on time"]

1. e4 d5 2. exd5 Qxd5 3. Nc3 Qa5 4. Bc4 Nf6 5. d3 c6 6. Nf3 g6 7. Bd2 Bg7 8. h3 Qc7 9. Qe2 b5 10. Bb3 a5 11. a4 b4 12. Ne4 O-O 13. Ng3 Nbd7 14.
d4 Nb6 15. Qe5 Qd8 16. O-O-O Ba6 17. Rhe1 Nfd5 18. Qe4 Rc8 19. Qh4 Nc4 20. Bh6 Qd6 21. Kb1 Rfe8 22. Bxg7 Kxg7 23. Ng5 h6 24. N5e4 Qf4 25.
Qg4 Qxg4 26. hxg4 Ncb6 27. Nc5 Bc4 28. Nge4 Bxb3 29. cxb3 Red8 30. g3 Nf6 31. f3 Rc7 32. Kc1 Rd5 33. Nf2 Kf8 34. Re5 Nbd7 35. Nxd7+ Rcxd7 36.
Rxd5 Rxd5 37. Rd3 h5 38. Kd2 hxg4 39. fxg4 Ke8 40. Ke3 Kd7 41. Rd1 Rg5 42. Kf3 Rd5 43. Ke3 Ne8 44. Rc1 Nd6 45. Nd3 Rg5 46. Ne5+ Ke6 47.
Rxc6 f6 48. Nc4 Rxg4 49. Nxa5 Rxg3+ 50. Kf2 Rd3 0-1

[Event "*** Titled Tuesday Blitz"]
[Site "Chess.com"]
[Date "2020.04.14"]
[Round "7"]
[White "SamuelGhimpu2003"]
[Black "plumalka"]
[Result "0-1"]
[WhiteElo "2531"]
[BlackElo "2380"]
[TimeControl "180+1"]
[EndTime "11:15:31 PDT"]
[Termination "plumalka won on time"]

1. e4 c5 2. Nf3 d6 3. d4 cxd4 4.
Nxd4 Nf6 5. Nc3 Bd7 6. f4 Nc6 7.
Nf3 g6 8. Bd3 Bg7 9. O-O Qb6+ 10. Kh1 Ng4 11. Qe1 h5 12. Nd5 Qd8 13. Bd2 e6 14.
Bc3 Kf8 15. Ne3 Bxc3 16. Qxc3 Kg8 17. Rae1 Rc8 18. Qd2 Qf6 19. Ng5 Nd4 20. e5 dxe5 21.
Nxg4 hxg4 22. fxe5 Qg7 23. Rxf7 Qh6 24. g3 Bc6+ 25.
Be4 Bxe4+ 26. Rxe4 Rxc2 27. Rxd4 Rc1+ 28. Rf1 Rxf1+ 29. Kg2 Qxh2+ 30. Kxf1 Qh1+ 31. Ke2 Rh2+ 32. Ke3 Rxd2 33. Rxd2 Qe1+ 34. Re2 Qxg3+ 35. Kd4 Qf4+ 36. Ne4 g3 37. Rg2 Qc1 38. Nxg3 Qd1+ 39. Ke3 Qd5 40. Ne4 Kg7 41. Kf4 Qd3 42. Rd2 Qb5 43. b3 Qc6 44.
Ke3 a5 45. Rd6 Qc1+ 46. Kd4 Qa1+ 47. Nc3 Qg1+ 48. Kc4 Qg4+ 49. Rd4 Qf5 50. Re4 g5 51. Kd4 g4 52. Nd1 g3 53. Ne3 Qf2 54. Rg4+ Kf7 55. Ke4 Ke7 56. Rf4 Qxa2 57. Rg4 Qxb3 58. Rxg3 Qb4+ 59.
Kf3 a4 60. Rg7+ Kf8 61. Rc7 a3 62. Ng4 Qb3+ 63. Kf4 Qb4+ 64. Kg5 a2 65. Nf6 Qe7 66. Rc8+ Kf7 0-1

[Event "*** Titled Tuesday Blitz"]
[Site "Chess.com"]
[Date "2020.04.14"]
[Round "7"]
[White "Kimster98"]
[Black "afgano29"]
[Result "1-0"]
[WhiteElo "2551"]
[BlackElo "2686"]
[TimeControl "180+1"]
[EndTime "11:15:32 PDT"]
[Termination "Kimster98 won by resignation"]

1. d4 Nf6 2. Bf4 d6 3. Nc3 c6 4. Qd2 b5 5. a3 Nbd7 6. Nf3 a5 7. e4 Bb7 8. e5 b4 9. exf6 bxc3 10. Qxc3 Nxf6 11. Bc4 e6 12. O-O-O Nd5 13. Qb3 Qd7 14.
Bd2 Be7 15. Qd3 O-O 16. Qe2 Rfb8 17. Bd3 Bf6 18. c4 Ne7 19. Bg5 Bxg5+ 20. Nxg5 h6 21.
Ne4 Nf5 22. Bb1 Ba6 23. g4 Nh4 24. Qc2 f5 25. Ng3 Rf8 26. gxf5 Nxf5 27. Nxf5 exf5 28. c5 d5 29. Qd2 Bc4 30. Rde1 Rab8 31. Rhg1 Rf7 32.
Qxh6 Qb7 33. Qd2 Qb3 34. Rg3 Rfb7 35. Rxb3 Rxb3 36. Ba2 Rd3 37. Qc2 Rxd4 38. Qxf5 Bxa2 39. Qe6+ Kh8 40. Re3 Rh4 41. Qxc6 Rf8 42. f3 d4 43. Rd3 Bc4 44. Rd2 Rh5 45. Rxd4 Be2 46. Qd6 Rc8 47.
c6 Bxf3 48. c7 Bg4 49. Qd8+ Kh7 50. Rxg4 Rc5+ 51. Kd2 R8xc7 52. Rh4+ Kg6 53. Qd3+ Kf7 54. Rf4+ Kg8 55. Qd8+ Kh7 56. Qh4+ Kg8 57. Rd4 Rc2+ 58. Kd3 Rc8 59. Rd8+ Rxd8+ 60. Qxd8+ Kh7 61. Kxc2 1-0

[Event "*** Titled Tuesday Blitz"]
[Site "Chess.com"]
[Date "2020.04.14"]
[Round "7"]
[White "IvanRadivojevic"]
[Black "W_Amadeus"]
[Result "0-1"]
[WhiteElo "2525"]
[BlackElo "2700"]
[TimeControl "180+1"]
[EndTime "11:15:32 PDT"]
[Termination "W_Amadeus won by resignation"]

1. e4 c5 2. Nc3 e6 3. f4 Nc6 4. Nf3 d5 5. Bb5 Ne7 6. O-O a6 7. Bxc6+ Nxc6 8. d3 Be7 9. Ne5 O-O 10.
Nxc6 bxc6 11. Kh1 a5 12. Na4 Ba6 13. b3 dxe4 14. c4 Qxd3 15. Qxd3 exd3 16. Be3 Rad8 17. Rad1 Bc8 18. Bd2 e5 19. Bxa5 e4 20. Bd2 Bg4 21. Rde1 f5 22. h3 Bh5 23. g4 fxg4 24. Rxe4 Bd6 25.
hxg4 Bxg4 26. Kg2 Rfe8 27. Rfe1 Be2 28. Rxe8+ Rxe8 29. Nc3 Bh5 30. Rxe8+ Bxe8 31. Ne4 Be7 32. Kf3 h5 33. Ke3 h4 34. Be1 h3 35. Bg3 Bg6 36.
Kxd3 Kf7 37. Ke3 Ke6 38. a4 Kd7 39. a5 Kc8 40. a6 Bf5 41. Ng5 Kb8 42. Nf3 Ka7 43. Ne5 Kxa6 44. Nxc6 Bf6 45. Ne5 Ka5 46. Nd3 Bxd3 47. Kxd3 Kb4 48. Kc2 g6 49. Bh2 Bd4 50.
Kd3 Kxb3 51. Ke4 Kxc4 52. f5 gxf5+ 53. Kxf5 Kd3 54. Kg4 c4 55. Kxh3 c3 56. Bd6 c2 57. Ba3 Kc3 58. Kg2 Be3 59. Kf3 Kb3 0-1

[Event "*** Titled Tuesday Blitz"]
[Site "Chess.com"]
[Date "2020.04.14"]
[Round "7"]
[White "jposthuma"]
[Black "crazy_but_lazy"]
[Result "1-0"]
[WhiteElo "2583"]
[BlackElo "2404"]
[TimeControl "180+1"]
[EndTime "11:15:34 PDT"]
[Termination "jposthuma won by checkmate"]

1. d4 Nf6 2. c4 e6 3. g3 c5 4.
Nf3 cxd4 5. Nxd4 Nc6 6. Bg2 Qb6 7. Nb3 Bb4+ 8. Bd2 O-O 9. O-O d5 10. Bxb4 Qxb4 11. cxd5 exd5 12. Nc3 Be6 13. e3 Rfd8 14. Ne2 Bg4 15. Qe1 Bxe2 16. Qxe2 d4 17. Bxc6 d3 18.
Qd2 Qxd2 19. Nxd2 bxc6 20. Rac1 Rab8 21. b3 Rb6 22. Rc3 g6 23. Rd1 Ng4 24. Nc4 Ra6 25. a4 c5 26. Rcxd3 Re8 27. Rd8 Kf8 28. R1d7 Nf6 29.
Rxe8+ Kxe8 30. Rc7 Ne4 31. f3 Nc3 32. Rxc5 Re6 33. e4 Ne2+ 34. Kf2 Nd4 35. b4 Nb3 36. Re5 Kd7 37. Rxe6 Kxe6 38. Ke3 f5 39. b5 Nc5 40. a5 Nd7 41. b6 axb6 42. axb6 Nb8 43. Na5 Kd6 44. exf5 gxf5 45. Kf4 Kc5 46. Kxf5 Kxb6 47. Nc4+ Kc5 48. Ne5 Kd5 49. f4 Na6 50. Kg5 Ke6 51. Kh6 Nc5 52. Kxh7 Ne4 53. Kg6 Nf2 54. Kg5 Ne4+ 55. Kg4 Nf2+ 56. Kf3 Nd1 57. h3 Nc3 58. g4 Nd5 59. Ke4 Nf6+ 60. Kf3 Nd5 61. Nd3 Nc3 62. f5+ Kf6 63. h4 Nd5 64. Nf4 Nc7 65. Ke4 Na6 66. g5+ Kf7 67. f6 Nc5+ 68.
Kf5 Nb3 69. g6+ Kg8 70. f7+ Kg7 71. Ne6+ Kh6 72. f8=Q+ Kh5 73. Qh8# 1-0

[Event "*** Titled Tuesday Blitz"]
[Site "Chess.com"]
[Date "2020.04.14"]
[Round "7"]
[White "vovkcoach"]
[Black "awesomevishesh"]
[Result "1/2-1/2"]
[WhiteElo "2759"]
[BlackElo "2555"]
[TimeControl "180+1"]
[EndTime "11:15:37 PDT"]
[Termination "Game drawn by repetition"]

1. Nf3 Nf6 2. g3 g6 3. Bg2 Bg7 4. O-O O-O 5. c4 d6 6. d4 Nc6 7. Nc3 e5 8. dxe5 Nxe5 9. Nxe5 dxe5 10. Qxd8 Rxd8 11. Bg5 Rd4 12. Rad1 c6 13. b3 Bf5 14. Be3 Rxd1 15. Rxd1 h5 16. Na4 Nd7 17. b4 Be6 18. b5 Rc8 19. bxc6 bxc6 20. Rd6 Nb8 21. Bxa7 Bf8 22. Rd2 Na6 23. Be3 Bb4 24. Rc2 Bf5 25.
Rc1 Ba3 26. Rf1 Be6 27. Nb6 Rb8 28. Bxc6 Nb4 29. Bb5 f5 30. f4 e4 31. Bd7 Bf7 32. c5 Nc2 33. c6 Nxe3 34. c7 Rf8 35. c8=Q Rxc8 36. Nxc8 Nxf1 37. Kxf1 Bxa2 38. Nb6 Bc5 39. Na4 Bd4 40. Ke1 Kg7 41. Kd2 Bg1 42. h3 Bf2 43.
e3 Bxg3 44. Nc3 Bf7 45. Ne2 Bh4 46. Nd4 Bf6 47. Ke2 Bd5 48. Bc6 Bc4+ 49. Kf2 Bxd4 50. exd4 Kf6 51. h4 Ke7 52. Ke3 Kf6 53. Ba4 Bd5 54. Bd1 Bf7 55. Bc2 Ke7 56. Bd1 Kd6 57.
Be2 Kc6 58. Bd1 Kd6 59. Kd2 Kc6 60. Ke3 Kd6 1/2-1/2

[Event "*** Titled Tuesday Blitz"]
[Site "Chess.com"]
[Date "2020.04.14"]
[Round "7"]
[White "leopato"]
[Black "stoleriu"]
[Result "0-1"]
[WhiteElo "2119"]
[BlackElo "2477"]
[TimeControl "180+1"]
[EndTime "11:15:37 PDT"]
[Termination "stoleriu won by checkmate"]

1. e4 e6 2. d4 d5 3. Nc3 Bb4 4. Ne2 Nf6 5. e5 Nfd7 6. a3 Be7 7. f4 c5 8. Be3 Nc6 9. Qd2 a6 10. O-O-O b5 11. dxc5 Bxc5 12. Bxc5 Nxc5 13. Nd4 Qb6 14. Nxc6 Qxc6 15. f5 Bd7 16. Kb1 Qb6 17. h4 a5 18.
fxe6 fxe6 19. Na2 Ne4 20. Qd4 Qxd4 21. Rxd4 O-O 22. Bd3 Nf2 23. Rf1 Nxd3 24. Rxf8+ Rxf8 25. Rxd3 Rf2 26. Nc3 Rxg2 27. b4 axb4 28. axb4 Rg4 29.
Na2 Rxh4 30. c3 g5 31. Nc1 Re4 32. Rg3 h6 33. Nd3 Kg7 34. Kc2 Kg6 35. Kd2 h5 36.
Nc5 Rxe5 37. Nxd7 Rf5 38. Nc5 e5 39. Rg1 h4 40. Nd3 e4 41. Ne1 Kh5 42. Ke3 g4 43.
Rh1 h3 44. Kd4 Kh4 45. Ng2+ Kg3 46. Ne3 Rf2 47. Nxd5 Kg2 48. Rb1 h2 49. Ne3+ Kg3 50. Rh1 Kf3 51. Nd5 Rd2+ 52. Ke5 g3 53. Nf4 g2 54. Nxg2 Kxg2 55. Re1 h1=Q 56. Kxe4 Qxe1+ 57. Kf4 Rf2+ 58. Kg5 Qe2 59. Kg6 Qf3 60. Kg5 Qf5+ 61. Kh6 Rf4 62. Kg7 Rg4+ 63. Kh8 Qh5# 0-1

[Event "*** Titled Tuesday Blitz"]
[Site "Chess.com"]
[Date "2020.04.14"]
[Round "7"]
[White "ketster"]
[Black "TheFireChess"]
[Result "1-0"]
[WhiteElo "2283"]
[BlackElo "2428"]
[TimeControl "180+1"]
[EndTime "11:15:38 PDT"]
[Termination "ketster won by resignation"]

1. d4 d6 2. e4 Nd7 3. Nc3 e5 4. Bc4 Ngf6 5. Nf3 h6 6. O-O Be7 7. h3 O-O 8. Be3 c6 9. a4 Qc7 10. b4 Re8 11. Re1 Nf8 12. Qb1 Ng6 13. Qb3 Bf8 14. dxe5 dxe5 15. b5 Be6 16. Bxe6 Rxe6 17. b6 axb6 18. Bxb6 Qe7 19. a5 Nd7 20. Be3 Nc5 21.
Qc4 Na6 22. Na4 Rf6 23. Nh2 h5 24. Bg5 Qe6 25. Qf1 Rf4 26. Bxf4 Nxf4 27. Nf3 Nc5 28. Nxc5 Bxc5 29. Red1 Qg6 30. Nxe5 Qxe4 31. Nd3 Bd4 32. Re1 Qf5 33. Ra4 c5 34. Nxf4 Qxf4 35. Ra3 Qc7 36.
Qd3 g6 37. Qd2 Ra6 38. c3 Bf6 39. Qd5 Rxa5 40. Rb3 b6 41. Rd1 Kg7 42. g3 Ra7 43. Qd6 Qxd6 44. Rxd6 b5 45. Rd5 b4 46. cxb4 cxb4 47.
Rxb4 Ra1+ 48. Kg2 Ra2 49. Rf4 Ra7 50. Rf3 g5 51. Rdf5 Bd8 52. g4 hxg4 53. hxg4 f6 54. Re3 Be7 55. Rd5 Kf7 56. Red3 Ra6 57. Kf3 Re6 58.
Re3 Rxe3+ 59. fxe3 Ba3 60. Ke4 Ke6 61. Rb5 Bc1 62. Rb6+ Ke7 63. Kf5 Bxe3 64. Re6+ Kf7 65.
Rxe3 1-0

[Event "*** Titled Tuesday Blitz"]
[Site "Chess.com"]
[Date "2020.04.14"]
[Round "7"]
[White "zmeeed67"]
[Black "RiskyDecision"]
[Result "1-0"]
[WhiteElo "2397"]
[BlackElo "2569"]
[TimeControl "180+1"]
[EndTime "11:15:39 PDT"]
[Termination "zmeeed67 won on time"]

1. d4 f5 2. Nc3 Nf6 3. Bg5 d5 4. Bxf6 exf6 5. e3 Nc6 6. a3 Be6 7. Bd3 Qd7 8. Nf3 Ne7 9. Ne2 Nc8 10. b3 Nd6 11. Nd2 Be7 12. O-O O-O 13. c4 Ne4 14. Nf4 Bf7 15. Nxd5 Bxd5 16. cxd5 Nxd2 17. Qxd2 g6 18.
f4 Kg7 19. Bc4 Bd6 20. b4 a5 21. bxa5 Qa4 22. Rfc1 Qxa5 23. Qxa5 Rxa5 24. a4 Rfa8 25. Bb5 h5 26. Kf2 b6 27. Kf3 Kf8 28. g3 Kg7 29. h3 Rh8 30. Bc6 Kf8 31. Rh1 Kg7 32. g4 hxg4+ 33. hxg4 Rxh1 34. Rxh1 fxg4+ 35. Kxg4 f5+ 36. Kf3 Be7 37. Re1 Bd6 38. e4 fxe4+ 39. Rxe4 Kf6 40. Kg4 Ra7 41. Re6+ Kf7 42. f5 gxf5+ 43.
Kxf5 Ra5 44. Rh6 Ra7 45. Rh7+ Kg8 46. Rd7 Ra5 47. Ke6 Ra7 48. Rf7 Ra5 49. Be8 Ra7 50. Bc6 Ra5 51. Rd7 Ra7 52. Rd8+ Kg7 53. Kd7 Kf6 54. Re8 Kf5 55. Re6 Ra5 56. Kc8 Ra7 57. Kb8 Ra5 58. Kb7 Kf4 59. Re8 Kf5 60.
Rc8 Kf4 61. Rxc7 Bxc7 62. Kxc7 Ke4 63. d6+ Kxd4 64. d7 Kc5 65. d8=Q b5 66. Bxb5 1-0

[Event "*** Titled Tuesday Blitz"]
[Site "Chess.com"]
[Date "2020.04.14"]
[Round "7"]
[White "IAgrest"]
[Black "GusKan67"]
[Result "1/2-1/2"]
[WhiteElo "2257"]
[BlackElo "2400"]
[TimeControl "180+1"]
[EndTime "11:15:39 PDT"]
[Termination "Game drawn - insufficient material"]

1. e4 c5 2. Nf3 d6 3. d4 cxd4 4. Nxd4 Nf6 5. Nc3 Nc6 6. Bg5 e6 7. Qd2 a6 8. O-O-O h6 9. Bxf6 gxf6 10. f4 Bd7 11. Be2 b5 12. Bh5 Qb6 13. Rhe1 Nxd4 14. Qxd4 Qxd4 15. Rxd4 Rg8 16. g3 Rc8 17. a3 a5 18. a4 Rc4 19. Rxc4 bxc4 20. Be2 h5 21. Bxc4 h4 22. Re3 Bh6 23. Ne2 Ke7 24. Bb5 Bc8 25. Rc3 Kd8 26. Rc6 Bf8 27. b3 Bb7 28. Rc4 Bh6 29. Kb2 Bg7 30. Kb1 d5 31. exd5 Bxd5 32. Rd4 f5 33. Rd2 Ke7 34. Nd4 hxg3 35.
hxg3 Bxd4 36. Rxd4 Rxg3 37. Kb2 Rg4 38. Bc4 Bc6 39.
Be2 Rg2 40. Bb5 Be4 41. Rc4 Rf2 42. Rc7+ Kd6 43. Rd7+ Kc5 44. Rc7+ Kb6 45. Rxf7 Rxc2+ 46. Ka3 Rf2 47. Re7 Bb1 48. Rxe6+ Kc5 49. Re5+ Kd4 50.
Re2 Rxe2 51. Bxe2 Ke3 52. Bh5 Kxf4 53. b4 axb4+ 54. Kxb4 Ke3 55. a5 f4 56. a6 Be4 57.
Kc5 Bg2 58. Kb6 Bh1 59. Kc7 Be4 60. Kb8 Kf2 61. a7 Kg3 62. Bd1 Kf2 63. a8=Q Bxa8 64. Kxa8 Ke1 65. Bh5 Kf2 66. Kb7 Ke3 67. Kc6 Kd4 68.
Kd6 f3 69. Bxf3 1/2-1/2

[Event "*** Titled Tuesday Blitz"]
[Site "Chess.com"]
[Date "2020.04.14"]
[Round "7"]
[White "Alonmindlin"]
[Black "MateSchmate"]
[Result "1/2-1/2"]
[WhiteElo "2704"]
[BlackElo "2571"]
[TimeControl "180+1"]
[EndTime "11:15:41 PDT"]
[Termination "Game drawn by repetition"]

1. d4 c5 2. c3 cxd4 3. cxd4 d5 4. Bg5 Qb6 5. Qd2 Nf6 6. Bxf6 exf6 7. Nc3 Be6 8. e3 Nc6 9. Bd3 Nb4 10. Bb5+ Nc6 11.
Nge2 Bd6 12. Rc1 a6 13. Bxc6+ bxc6 14. Na4 Qb5 15. Nc5 O-O 16. O-O Rab8 17. b3 Rfc8 18. Nc3 Qa5 19. N3e4 Qxd2 20. Nxd2 a5 21. Rc3 Bxc5 22.
Rxc5 a4 23. Rfc1 axb3 24. Nxb3 Ra8 25. Na5 Kf8 26. h4 Ra6 27. Nxc6 Rxa2 28. Nb4 Rxc5 29. Rxc5 Ra1+ 30. Kh2 Rf1 31. Kg3 Ke7 32. Rb5 h5 33.
Nxd5+ Bxd5 34. Rxd5 g6 35. Ra5 f5 36. Kf3 Rh1 37. g3 Rf1 38. Ra2 Kf6 39. Kf4 Ke6 40. Ra6+ Ke7 41. f3 Rb1 42. Ke5 Rb3 43. Ra7+ Ke8 44.
Kd6 f6 45. d5 Rxe3 46. Ra8+ Kf7 47. Kc7 Rc3+ 48. Kd8 Rxf3 49. Ra7+ Kf8 50. d6 Rxg3 51. d7 Rd3 52. Kc8 g5 53. d8=Q+ Rxd8+ 54. Kxd8 f4 55. Kd7 Kf7 56. Kd6+ Kg6 57. Kd5 Kf5 58. Kd4 Kg4 59.
hxg5 fxg5 60. Ke4 h4 61. Ra1 h3 62. Rg1+ Kh4 63. Kf3 h2 64. Rh1 Kh3 65. Re1 g4+ 66. Kxf4 g3 67. Re8 Kg2 68. Rh8 Kf2 69. Rh7 Kg2 70.
Rh8 Kf2 71. Rh7 Kg2 72. Rh8 1/2-1/2

[Event "*** Titled Tuesday Blitz"]
[Site "Chess.com"]
[Date "2020.04.14"]
[Round "7"]
[White "paradise10"]
[Black "SavelievAlexei"]
[Result "0-1"]
[WhiteElo "2709"]
[BlackElo "2397"]
[TimeControl "180+1"]
[EndTime "11:15:44 PDT"]
[Termination "SavelievAlexei won by checkmate"]

1. e4 c5 2. Ne2 a6 3. c4 Nc6 4. d4 cxd4 5. Nxd4 e6 6. a3 Nf6 7.
Nc3 Qc7 8. Be2 Bd6 9. Ndb5 axb5 10.
Nxb5 Qa5+ 11. Bd2 Bb4 12. axb4 Qxa1 13. Nc7+ Kd8 14. Nxa8 Qxa8 15. b5 Ne7 16. Bf3 Qb8 17. O-O b6 18. Bb4 Bb7 19. Bd6 Qc8 20. e5 Ne8 21.
Ba3 Ng6 22. Re1 f6 23. exf6 Nxf6 24. Bxb7 Qxb7 25. Rxe6 Re8 26. Rxe8+ Nxe8 27. h3 Qe4 28.
Qf1 Nf6 29. c5 bxc5 30. Bxc5 Qd5 31. Bb6+ Ke8 32. Be3 Ne5 33. b6 Nc6 34. Qe1 Kd8 35.
b7 Kc7 36. b8=Q+ Kxb8 37. b4 Kc7 38. Bf4+ Kb7 39. Qb1 Qb5 40. Be3 Qxb4 41. Qf5 Qd6 42. Qb1+ Kc8 43. Qa2 Qd5 44. Qa8+ Kc7 45. Bf4+ d6 46.
Qf8 Ne4 47. Qxg7+ Kb6 48. Qxh7 Kb5 49. Qh8 Nd4 50. Qb8+ Kc4 51. Qc7+ Kd3 52. Bg3 Ne2+ 53. Kh2 N2xg3 54. fxg3 Qe5 55. Qh7 Qxg3+ 56. Kg1 d5 57. Qh5 Qf2+ 58. Kh2 Qg3+ 59. Kg1 Qe1+ 60. Kh2 d4 61. Qb5+ Ke3 62. Qb3+ d3 63. Qb6+ Ke2 64.
Qe6 Qg3+ 65. Kg1 Qf2+ 66. Kh2 Qf4+ 67. Kg1 d2 68. Qc4+ Ke1 69. g3 Qxg3+ 70. Kh1 Nf2# 0-1